 Dungeon Crawl Stone Soup version 0.25-a0-786-g5b70d41e48 (webtiles) character file.

Game seed: 13969491665687118670, levelgen mode: deterministic

415 Darvaldir the Digger (level 6, -2/32 HPs)
             Began as a Gargoyle Earth Elementalist on Apr 18, 2020.
             Slain by a worker ant (6 damage)
             ... on level 3 of the Dungeon.
             The game lasted 00:09:18 (3956 turns).

Darvaldir the Digger (Gargoyle Earth Elementalist)  Turns: 3956, Time: 00:09:19

Health: -2/32      AC:  6    Str: 11    XL:     6   Next: 92%
Magic:  2/12       EV: 12    Int: 18    God:
Gold:   168        SH:  0    Dex: 10    Spells: 4/13 levels left

rFire    . . .     SeeInvis .   k - +1 mace
rCold    . . .     Gourm    .   (no shield)
rNeg     + . .     Faith    .   c - +0 robe
rPois    ∞         Spirit   .   (no helmet)
rElec    +         Reflect  .   (no cloak)
rCorr    .         Harm     .   (no gloves)
MR       .....                  (no boots)
Stlth    ++........             (no amulet)
HPRegen  0.10/turn              (no ring)
MPRegen  0.13/turn              (no ring)

@: no status effects
A: negative energy resistance 1, electricity resistance, unbreathing,
petrification resistance, rot immunity, AC +4
a: no special abilities


You were on level 3 of the Dungeon.
You were not hungry.

You visited 1 branch of the dungeon, and saw 4 of its levels.

You collected 168 gold pieces.

Inventory:

Hand Weapons
 e - a +0 dagger
 h - a +0 flail
 k - a +1 mace (weapon)
Missiles
 b - 3 stones (quivered)
Armour
 c - a +0 robe (worn)
Scrolls
 m - a scroll of amnesia
Potions
 a - a potion of haste
 f - a potion of berserk rage
 i - a potion of degeneration {unknown}
 j - 2 potions of curing
 l - a potion of lignification {unknown}
Comestibles
 d - 6 rations


   Skills:
 - Level 1.5 Dodging
 - Level 2.1 Stealth
 + Level 4.2 Spellcasting
 + Level 3.6 Conjurations
   Level 0.7 Transmutations
 + Level 6.1 Earth Magic


You had 4 spell levels left.
You knew the following spells:

 Your Spells              Type           Power        Failure   Level  Hunger
a - Sandblast             Erth           ####..       1%          1    None
b - Stone Arrow           Conj/Erth      ###...       6%          3    ###....
c - Lee's Rapid Deconstr  Erth           ####......   32%         5    ######.

Your spell library contained the following spells:

 Spells                   Type           Power        Failure   Level  Hunger
 Passwall                 Tmut/Erth      ###.....     5%          2    ##.....
 Petrify                  Tmut/Erth      ###.....     34%         4    ####...


Dungeon Overview and Level Annotations

Branches:
Dungeon (4/15)
 Temple: D:4-7

Altars:
Trog
Uskayaw
Xom


Innate Abilities, Weirdness & Mutations

You are resistant to torment.
Your stone body is resilient. (AC +4)
You are immune to poison.
You resist negative energy. (rN+)
You are resistant to electric shocks. (rElec)
You can survive without breathing.
You are immune to petrification.
You are immune to rotting.


Message History

The orc shouts! x2
Found a silvery potion.
A worker ant comes into view.
The worker ant bites you.
* * * LOW HITPOINT WARNING * * *
There is a stone staircase leading up here.
The worker ant bites you.
* * * LOW HITPOINT WARNING * * *
You climb upwards.
There is a stone staircase leading down here.
Casting: Sandblast (safe; 1% risk of failure)
Confirm with . or Enter, or press ? or * to list all spells.
Aiming: Sandblast (safe; 1% risk of failure)
Press: ? - help, Shift-Dir - straight line, f - worker ant
Aim: a worker ant (moderately wounded)
The blast of sand hits the worker ant!
The worker ant is severely wounded.
b - 3 stones The worker ant bites you.
You die...

#.... ########....
#######.)..)....##
#.......######..##
#.####### #.....
#.# #)....
#.###########.....
###
#.................
##.##
#@.##########.....
##.#.##
#a........[.......
##.###.##
#..######..##.###.
##.## ##.###..#
#..##.# ## #.##
##.....#
#..##.#### ##.##
##.###..#
#........#
##.###.## #..##
#........# ##.#.##
#...# #.........
##.## ###...###
##........


You could see a worker ant.

Vanquished Creatures
  Eustachio (D:4)
  A sky beast (D:2)
  A crimson imp (D:3)
  7 adders
  A worm (D:2)
  4 dart slugs
  5 orcs (D:3)
  9 giant cockroaches
  9 hobgoblins
  6 jackals (D:1)
  A ball python (D:3)
  11 bats
  5 frilled lizards
  8 goblins
  5 kobolds
  5 rats
79 creatures vanquished.

Notes
Turn   | Place    | Note
-------+----------+-------------------------------------------
     0 | D:1      | Darvaldir the Gargoyle Earth Elementalist began the quest
                  | for the Orb.
     0 | D:1      | Reached XP level 1. HP: 10/10 MP: 3/3
   200 | D:1      | Reached skill level 4 in Earth Magic
   200 | D:1      | Reached XP level 2. HP: 8/15 MP: 1/5
   789 | D:1      | Reached XP level 3. HP: 10/19 MP: 6/6
   794 | D:1      | Learned a level 3 spell: Stone Arrow
  1717 | D:2      | Noticed a sky beast
  1747 | D:2      | Killed a sky beast
  1747 | D:2      | Reached skill level 5 in Earth Magic
  1747 | D:2      | Reached XP level 4. HP: 10/24 MP: 0/9
  1747 | D:2      | Reached XP level 5. HP: 11/28 MP: 0/10
  2285 | D:2      | Learned a level 5 spell: Lee's Rapid Deconstruction
  2757 | D:2      | Noticed a +0 hand axe
  2758 | D:2      | Noticed a +0 hand axe
  2759 | D:2      | Found a hide-covered altar of Uskayaw.
  2979 | D:3      | Found a shimmering altar of Xom.
  2979 | D:3      | Found a shimmering altar of Xom.
  2980 | D:3      | Found a shimmering altar of Xom.
  2980 | D:3      | Found a shimmering altar of Xom.
  2981 | D:3      | Found a shimmering altar of Xom.
  3022 | D:3      | Found a bloodstained altar of Trog.
  3146 | D:3      | Reached XP level 6. HP: 22/32 MP: 9/11
  3924 | D:4      | Noticed Eustachio
  3938 | D:4      | Killed Eustachio
  3938 | D:4      | Reached skill level 6 in Earth Magic
  3956 | D:3      | Slain by a worker ant

Levels and vault maps discovered:
D:1:      lightli_arrival_flooded_house, layout_basic, minmay_misc_feat_tower
D:2:      minmay_alternating_diamond, layout_rooms, dancing_weapons_uskayaw
D:3:      layout_loops_ring, xom_redecorated, lightli_temple_of_fire,
          first_ration, patterned_corridor
D:4:      layout_rooms, yredelemnul_forgotten_temple_becter,
          nicolae_overflow_hidden_temple, minmay_temple_entry_statues_fountains,
          uniq_eustachio

Skill      XL: |  1  2  3  4  5  6 |
---------------+-------------------+-----
Earth Magic    | 4 5 6 |  6.1
Spellcasting   | 3 4 |  4.2
Conjurations   | 2 3 |  3.6
Dodging        | |  1.5
Stealth        | |  2.1
Transmutations | |  0.7

Action                   |  1- 3 |  4- 6 || total
-------------------------+-------+-------++-------
Melee: Unarmed           |    13 |       ||    13
       Dagger            |   131 |    69 ||   200
       Mace              |       |    93 ||    93
 Cast: Sandblast         |    27 |    15 ||    42
       Stone Arrow       |       |    24 ||    24
  Use: Scroll            |     3 |     6 ||     9
       Potion            |     1 |     2 ||     3
  Eat: Chunk             |     2 |    10 ||    12
Armor: Robe              |    63 |    77 ||   140
Dodge: Dodged            |   130 |   156 ||   286

Table legend:
 A = Non-vault XP
 B = Vault XP
 C = Vault XP percentage of total XP
 D = Non-vault monster count
 E = Vault monster count
 F = Vault count percentage of total count
                 A         B        C        D         E       F
            +---------+---------+-------+---------+---------+-------
      Total |     386 |     208 |  35.0 |      75 |       4 |   5.1
            +---------+---------+-------+---------+---------+-------
        D:1 |      56 |       0 |   0.0 |      30 |       0 |   0.0
        D:2 |     226 |      17 |   7.0 |      24 |       3 |  11.1
        D:3 |     104 |       0 |   0.0 |      21 |       0 |   0.0
        D:4 |       0 |     191 | 100.0 |       0 |       1 | 100.0
            +---------+---------+-------+---------+---------+-------
